 Dungeon Sprint DCSS version 0.27-a0-604-g29a88b33a7 (webtiles) character file.

Game seed: 15676861420864040168

85 scammafunk the Chopper (level 4, -11/45 HPs)
             Began as a Minotaur Monk on Mar 12, 2021.
             Killed by divine providence
             ... invoked by an oklob sapling priest
              (12 damage)
             ... in the Dungeon (Sprint IV: "Fedhas' Mad Dash").
             The game lasted 00:01:07 (664 turns).

scammafunk the Chopper (Minotaur Monk)               Turns: 664, Time: 00:01:07

Health: -11/45     AC:  2    Str: 17    XL:     4   Next: 25%
Magic:  3/3        EV: 14    Int:  7    God:
Gold:   69         SH:  0    Dex: 12    Spells: 3/3 levels left

rFire    . . .     SeeInvis .   a - +0 hand axe
rCold    . . .     Faith    .   (no shield)
rNeg     . . .     Spirit   .   b - +0 robe
rPois    .         Reflect  .   (helmet restricted)
rElec    .         Harm     .   (no cloak)
rCorr    .         Rampage  .   (no gloves)
Will     .....     NoTele   +   (no boots)
Stlth    ++........             (no amulet)
HPRegen  0.15/turn              (no ring)
MPRegen  0.08/turn              (no ring)

@: no status effects
A: horns 2, retaliatory headbutt
a: no special abilities


You were in the Dungeon.
You visited 1 branch You collected 69 gold pieces.

Inventory:

Hand Weapons
 a - a +0 hand axe (weapon)
Armour
 b - a +0 robe (worn)
Jewellery
 i - the amulet of invisibility {+Inv}
   (You found it in the Dungeon)

   [amulet of nothing]

   It lets you turn invisible.
Scrolls
 c - a scroll of magic mapping {unknown}
 h - a scroll of blinking
Potions
 d - a potion of heal wounds
 e - a potion of haste
 f - 2 potions of magic
 g - a potion of berserk rage


   Skills:
 + Level 6.6 Fighting
 + Level 6.9 Axes
 + Level 6.0 Dodging
 + Level 2.3 Stealth


You had 3 spell levels left.
You didn't know any spells.
Your spell library was empty.

Dungeon Overview and Level Annotations

Branches:
Dungeon (1/1)

Altars:
Cheibriados
Dithmenos
Elyvilon
Gozag
Hepliaklqana
Kikubaaqudgha
Makhleb
Nemelex Xobeh
Okawaru
Qazlal
Ru
Sif Muna
Trog
Uskayaw
Vehumet
Wu Jian
Xom
Yredelemnul
Zin
The Shining One
Beogh
Jiyva
Lugonu

Annotations:
D exclusion: oklob sapling


Innate Abilities, Weirdness & Mutations

You have a pair of horns on your head.
You reflexively headbutt those who attack you in melee.


Message History

HP restored.
There is an open door here.
There is an open door here.
As you open the door, it creaks loudly!
Found four altars.
An oklob sapling priest comes into view.
Marking area around an oklob sapling as unsafe for travelling.
Found nine altars.
There is an open door here.
Found three altars.
The oklob sapling priest calls down the wrath of its god upon you.
Something smites you!
Found two altars.
The oklob sapling priest spits acid at you.
The splash of acid hits you!
You are splashed with acid!
* * * LOW HITPOINT WARNING * * *
Found three altars.
There is an opulent altar of Gozag here.
Found a corrupted altar of Lugonu and a radiant altar of Vehumet.
There is a hazy altar of Hepliaklqana here.
The oklob sapling priest looks satisfied for a moment.
You hit the oklob sapling priest.
The oklob sapling priest is lightly damaged.
The oklob sapling priest calls down the wrath of its god upon you.
Something smites you!
* * * LOW HITPOINT WARNING * * *
You hit the oklob sapling priest but do no damage.
You headbutt the oklob sapling priest, but do no damage.
The oklob sapling priest is lightly damaged.
You hit the oklob sapling priest but do no damage.
The oklob sapling priest is lightly damaged.
The oklob sapling priest miscasts a cantrip.
You hit the oklob sapling priest but do no damage.
You headbutt the oklob sapling priest, but do no damage.
The oklob sapling priest is lightly damaged.
You hit the oklob sapling priest.
The oklob sapling priest is lightly damaged.
The oklob sapling priest calls down the wrath of its god upon you.
Something smites you!
You die...

########################
...÷#.....#.⌠._._._._.⌠.
....'.#(..'.._._@_._._..
....#.#...#..._._P_._...
########'##.._._._._._..
......'...#._._._._._.⌠.
♣.....#...##############
..♣..###### + ###


You could see an oklob sapling priest.

Vanquished Creatures
  2 oklob saplings (D)
  A worker ant (D)
  A river rat (D)
  A rat (D)
5 creatures vanquished.

Notes
Turn   | Place    | Note
-------+----------+-------------------------------------------
     0 | D        | scammafunk the Minotaur Monk began the quest for the Orb.
     0 | D        | Reached XP level 1. HP: 19/19 MP: 0/0
    10 | D        | Reached XP level 2. HP: 28/28 MP: 1/1
    21 | D        | Noticed an oklob sapling
    24 | D        | Killed an oklob sapling
    25 | D        | Reached skill level 5 in Fighting
    25 | D        | Reached skill level 5 in Axes
    25 | D        | Reached skill level 5 in Dodging
    25 | D        | Reached XP level 3. HP: 10/36 MP: 2/2
   239 | D        | Found the amulet of invisibility {+Inv}
   475 | D        | Noticed an oklob sapling
   482 | D        | Killed an oklob sapling
   483 | D        | Reached XP level 4. HP: 20/45 MP: 3/3
   652 | D        | Found an opulent altar of Gozag.
   652 | D        | Found a hazy altar of Hepliaklqana.
   652 | D        | Found a snail-covered altar of Cheibriados.
   653 | D        | Found a viscous altar of Jiyva.
   653 | D        | Found a burning altar of Makhleb.
   653 | D        | Found a sparkling altar of Nemelex Xobeh.
   653 | D        | Found a sacrificial altar of Ru.
   653 | D        | Found a shimmering blue altar of Sif Muna.
   653 | D        | Found a bloodstained altar of Trog.
   653 | D        | Found an ornate altar of the Wu Jian Council.
   653 | D        | Found a shimmering altar of Xom.
   653 | D        | Found a basalt altar of Yredelemnul.
   654 | D        | Found an iron altar of Okawaru.
   654 | D        | Found a shadowy altar of Dithmenos.
   654 | D        | Found a glowing silver altar of Zin.
   655 | D        | Found an ancient bone altar of Kikubaaqudgha.
   655 | D        | Found a hide-covered altar of Uskayaw.
   656 | D        | Found a stormy altar of Qazlal.
   656 | D        | Found a white marble altar of Elyvilon.
   656 | D        | Found a glowing golden altar of the Shining One.
   657 | D        | Found a corrupted altar of Lugonu.
   657 | D        | Found a radiant altar of Vehumet.
   660 | D        | HP: 1/45 [oklob sapling priest/divine providence (9)]
   664 | D        | Killed from afar by an oklob sapling priest

Illustrated notes

Levels and vault maps discovered:
D:        dungeon_sprint_fedhas [sprint_temple]

Skill      XL: |  1  2  3 |
---------------+----------+-----
Fighting       | 4 5 6 |  6.6
Axes           | 4 5 6 |  6.9
Dodging        | 4 5 6 |  6.0
Stealth        | 2 |  2.3

Action                   |  1- 3 |  4- 6 || total
-------------------------+-------+-------++-------
Melee: Hand axe          |    18 |     5 ||    23
       Headbutt          |     6 |     2 ||     8
  Use: Potion            |     1 |       ||     1
 Stab: Sleeping          |     1 |       ||     1
Dodge: Dodged            |     9 |       ||     9

Table legend: (Time is in decaauts)
 A = Elapsed time spent in this place.
 B = Non-inter-level travel time spent in this place.
 C = Inter-level travel time spent in this place.
 D = Time resting spent in this place.
 E = Time spent auto-exploring this place.
 F = Levels seen in this place.
 G = Mean time per level.
                   A        B        C        D        E       F      G
               +--------+--------+--------+--------+--------+-----+--------+
         Total |    664 |    664 |      0 |    577 |      0 |   1 |  664.0 |
       Dungeon |    664 |    664 |      0 |    577 |      0 |   1 |  664.0 |
               +--------+--------+--------+--------+--------+-----+--------+

Top non-repeatable levels by time:
       D: 664 daAuts
